Map: Ley Lines

Players

LigerMaNN

  • Race: Zerg Zerg
  • League: Diamond
  • Spawn Location: 1:00

Will - Winner!

  • Race: Protoss Protoss
  • League: Master
  • Spawn Location: 7:00

VOD

Have the link to the VOD?

Description

Time

  • Played on: June 4, 2025, 9:55 p.m.
  • Length: 16:01
Show
View Real Time Build Order
Export as new Build Order

LigerMaNN Zerg 

Build Orders: Hatch First 

Get SALT Encoding   

  12  0:00  Drone  
  13  0:12  Overlord  
  13  0:16  Drone  
  14  0:32  Drone x2  
  16  0:48  Hatchery  
  15  0:51  Drone  
  15  0:54  Drone  
  17  0:58  Drone  
  18  1:10  Extractor  
  17  1:14  Spawning Pool  
  17  1:17  Drone  
  17  1:20  Drone  
  18  1:28  Drone  
  19  1:43  Overlord  
  19  2:09  Zergling x6  
  19  2:10  Queen x2  
  19  2:14  Metabolic Boost  
  26  2:21  Drone x2  
  26  2:22  Drone  
  29  2:24  Drone  
  30  2:38  Zergling x4  
  32  2:45  Hatchery  
  31  2:51  Overlord  
  31  2:58  Queen  
  33  3:09  Drone x4  
  33  3:31  Zergling x6  
  33  3:33  Overlord x2  
  36  3:53  Pneumatized Carapace  
  36  3:57  Drone x6  
  42  4:06  Queen  
  42  4:08  Queen  
  45  4:22  Zergling x16  
  45  4:23  Zergling x2  
  52  4:34  Drone x2  
  52  4:38  Lair  
  54  4:49  Drone  
  54  4:52  Drone x2  
  57  5:04  Overlord x5  
  57  5:12  Extractor x2  
  55  5:20  Drone x6  
  57  5:22  Drone  
  57  5:25  Spore Crawler  
  57  5:26  Spore Crawler  
  57  5:28  Spore Crawler  
  54  5:36  Drone x3  
  54  5:37  Drone x9  
  54  5:39  Drone  
  67  5:55  Baneling Nest  
  67  5:56  Evolution Chamber  
  65  5:58  Drone  
  65  5:59  Drone x3, Hydralisk Den  
  68  6:05  Zergling x8  
  68  6:06  Zergling x2  
  68  6:07  Zergling x2  
  68  6:09  Zergling x2  
  76  6:11  Zergling x2  
  76  6:12  Zergling x2  
  75  6:45  Muscular Augments  
  75  6:46  Centrifugal Hooks  
  74  6:47  Zerg Melee Weapons Level 1  
  74  6:48  Zergling x6  
  74  6:49  Zergling x22  
  87  6:58  Drone x2  
  87  7:01  Extractor  
  81  7:07  Overlord x2  
  81  7:14  Overlord  
  81  7:15  Overlord  
  81  7:35  Hydralisk x7  
  81  7:36  Hydralisk x3  
  101  7:38  Overlord x2  
  101  7:42  Drone  
  102  7:50  Overlord, Hatchery  
  102  7:51  Overlord  
  101  7:57  Hatchery  
  100  8:14  Drone x11  
  100  8:17  Extractor  
  100  8:19  Extractor  
  99  8:56  Zergling x2  
  99  8:57  Zergling x22  
  108  9:13  Baneling x4  
  108  9:14  Baneling x4  
  108  9:16  Zergling x12  
  114  9:19  Baneling x10  
  114  9:28  Zergling x14  
  116  9:37  Drone x3  
  87  9:51  Hydralisk  
  87  9:52  Hydralisk x6  
  91  10:01  Baneling x12  
  91  10:03  Zergling x12  
  97  10:15  Overseer  
  97  10:18  Hydralisk x9  
  115  10:30  Drone x2  
  115  10:31  Drone x6  
  123  10:39  Grooved Spines  
  123  10:40  Zerg Missile Weapons Level 1  
  123  10:46  Evolution Chamber  
  123  10:47  Zergling x18, Infestation Pit  
  130  11:10  Zergling x32  
  146  11:12  Baneling  
  146  11:13  Baneling x26  
  146  11:14  Baneling  
  146  11:18  Zerg Melee Weapons Level 2  
  146  11:24  Hatchery  
  102  12:09  Hydralisk x17  
  102  12:11  Zergling x4  
  102  12:12  Zergling x16  
  129  12:23  Hydralisk  
  129  12:24  Hydralisk x4  
  138  12:35  Zerg Ground Armor Level 1  
  129  12:43  Hive  
  129  12:45  Drone x9  
  129  12:48  Extractor  
  129  12:49  Extractor  
  136  12:54  Lurker Den  
  136  12:56  Zergling x10  
  131  13:35  Queen x2  
  131  13:36  Queen  
  108  13:51  Zergling x44  
  107  14:03  Hydralisk x4  
  111  14:11  Baneling  
  111  14:12  Baneling x25  
  111  14:13  Baneling x10  
  111  14:14  Zergling x12  
  110  14:51  Drone x2  
  110  14:52  Drone x3  
  115  14:53  Drone  
  115  14:54  Drone x3  
  115  14:55  Overlord x2  
  115  14:56  Overlord  
  115  14:57  Hatchery  
  115  15:13  Extractor  
  90  15:14  Extractor  
  90  15:17  Hydralisk x7  
  97  15:29  Hydralisk  
  97  15:30  Hydralisk x6  
  111  15:37  Hydralisk x7  
  111  15:44  Lurker x5  
  111  15:45  Lurker x2  
  118  15:51  Hatchery  
Show
View Real Time Build Order
Export as new Build Order

Will Protoss - Winner!

Build Orders: 1 Gate Expand 

Get SALT Encoding   

  12  0:00  Probe  
  13  0:12  Probe  
  14  0:24  Pylon  
  14  0:26  Probe  
  15  0:38  Probe  
  16  0:44  Gateway  
  16  0:46  Probe  
  16  0:51  Assimilator  
  16  0:56  Probe  
  18  1:04  Probe  
  19  1:12  Probe  
  20  1:23  Nexus  
  20  1:33  Cybernetics Core  
  20  1:37  Probe  
  21  1:50  Pylon  
  22  1:54  Probe  
  22  2:03  Probe  
  23  2:11  Probe  
  23  2:12  Stalker  
  23  2:13  Warp Gate, Assimilator  
  26  2:20  Probe  
  26  2:37  Probe  
  26  2:39  Probe  
  26  2:42  Sentry  
  30  2:49  Probe  
  31  2:56  Probe  
  32  3:01  Probe  
  33  3:07  Probe  
  34  3:13  Probe  
  34  3:15  Probe  
  34  3:25  Probe  
  35  3:31  Pylon, Probe  
  36  3:37  Probe  
  36  3:38  Stargate  
  36  3:40  Pylon, Assimilator  
  37  3:45  Sentry  
  37  3:46  Forge  
  39  3:51  Probe  
  39  3:53  Probe  
  41  3:56  Twilight Council  
  41  3:59  Probe  
  41  4:01  Pylon  
  41  4:05  Probe  
  41  4:07  Assimilator  
  41  4:08  Probe  
  43  4:11  Protoss Ground Weapons Level 1  
  43  4:14  Oracle  
  44  4:18  Probe  
  44  4:23  Photon Cannon  
  48  4:30  Sentry  
  50  4:33  Probe x2  
  52  4:41  Gateway  
  52  4:42  Gateway  
  52  4:44  Gateway  
  52  4:45  Pylon  
  52  4:49  Blink  
  52  4:50  Oracle  
  55  4:56  Probe x2  
  57  5:00  Zealot  
  59  5:08  Probe x2  
  61  5:21  Probe x2  
  63  5:35  Robotics Facility  
  63  5:38  Gateway  
  63  5:41  Gateway  
  63  5:43  Probe x2  
  63  5:45  Stalker x2  
  69  5:50  Pylon, Protoss Ground Weapons Level 2  
  69  5:52  Pylon  
  69  6:04  Templar Archives  
  69  6:13  Nexus  
  69  6:14  Pylon  
  69  6:20  Probe x2  
  71  6:32  Stalker x2  
  73  6:33  Stalker x3  
  73  6:36  Probe x2  
  76  6:51  Probe x2  
  78  6:56  Charge  
  77  7:05  Probe x2  
  79  7:17  Probe  
  79  7:18  Psionic Storm  
  80  7:34  Assimilator  
  80  7:36  Gateway  
  80  7:37  High Templar x2  
  80  7:38  Gateway, Zealot x3  
  80  7:39  Assimilator, Zealot  
  80  7:40  Pylon  
  80  7:42  Photon Cannon x2  
  92  7:45  Observer  
  92  7:49  Probe x3  
  96  8:01  Probe x3  
  99  8:07  Stalker  
  99  8:08  Stalker, Zealot  
  99  8:09  High Templar  
  99  8:12  Zealot  
  109  8:13  Probe x3, Zealot  
  111  8:43  Protoss Ground Weapons Level 3  
  111  8:46  Zealot  
  111  8:47  Zealot  
  97  8:49  Probe x3  
  90  9:01  Probe x2  
  90  9:02  Probe  
  90  9:04  Zealot x3  
  96  9:26  Probe x3  
  84  9:47  Stalker x2  
  84  9:48  Stalker x4  
  84  9:49  Zealot x2  
  84  9:52  Probe x2  
  100  9:53  Probe  
  100  9:58  Photon Cannon  
  100  9:59  Pylon  
  86  10:13  Probe, Photon Cannon  
  86  10:16  Immortal, Probe x2  
  93  10:21  Probe  
  93  10:22  Phoenix  
  93  10:24  Probe  
  95  10:34  Zealot  
  99  10:35  High Templar  
  99  10:39  Probe  
  99  10:40  Probe  
  99  10:42  Probe  
  104  10:56  High Templar x2  
  104  10:57  High Templar x4  
  110  11:01  Pylon  
  110  11:03  Probe  
  117  11:05  Pylon  
  117  11:12  Archon x2  
  117  11:16  Probe  
  117  11:19  Probe x2  
  117  11:24  Probe  
  120  11:31  Probe x2  
  123  11:34  Immortal  
  123  11:37  Robotics Bay  
  127  11:45  Zealot x3  
  133  11:56  Pylon  
  133  11:57  Pylon  
  118  12:03  Archon  
  118  12:07  Pylon  
  102  12:12  Observer  
  102  12:13  Stalker x2  
  102  12:14  Stalker x4  
  98  12:31  Probe x3  
  99  12:41  Assimilator  
  99  12:43  Probe, Photon Cannon  
  100  12:45  Probe x2  
  100  12:46  Protoss Ground Armor Level 1  
  102  12:55  Probe  
  102  12:57  Colossus  
  109  13:07  High Templar x5  
  109  13:08  High Templar  
  121  13:13  Zealot  
  121  13:14  Zealot  
  125  13:26  Probe x3  
  125  13:38  Probe x2  
  111  14:05  Extended Thermal Lance  
  111  14:07  Colossus  
  115  14:13  Zealot  
  115  14:14  Zealot x3  
  115  14:16  High Templar  
  115  14:17  High Templar x3  
  133  14:56  Colossus  
  133  15:02  Probe x3, Photon Cannon  
  134  15:21  Stalker  
  134  15:22  Stalker x6  
  148  15:36  Pylon  
  148  15:40  Probe  
  148  15:41  Pylon  
Tags
 
Add a new tag
Caveats
  • Supply blocks, unpowered buildings, or Contaminate may cause inaccurate times.
  • Supply counts are checked every 10 seconds.